 Dungeon Crawl Stone Soup version 0.27.1-1-g398f81649c (webtiles) character file.

Game seed: 2133481667472245155

51 packetloss the Grave Robber (level 3, -2/29 HPs)
             Began as a Ghoul Necromancer on Sept 13, 2021.
             Slain by an orc (5 damage)
             ... on level 3 of the Dungeon.
             The game lasted 00:08:27 (2323 turns).

packetloss the Grave Robber (Ghoul Necromancer)     Turns: 2323, Time: 00:08:27

Health: -2/29      AC:  2    Str: 11    XL:     3   Next: 83%
Magic:  4/4        EV: 12    Int: 10    God:
Gold:   32         SH:  0    Dex: 10    Spells: 1/5 levels left

rFire    . . .     SeeInvis .   (no weapon)
rCold    + . .     Faith    .   (no shield)
rNeg     + + +     Spirit   .   a - +0 robe
rPois    ∞         Reflect  .   (no helmet)
rElec    .         Harm     .   (no cloak)
rCorr    +         Rampage  .   (no gloves)
Will     .....                  (no boots)
Stlth    ++........             (no amulet)
HPRegen  0.00/turn              o - ring of resist corrosion
MPRegen  0.09/turn              (no ring)

@: inhibited regen
A: claws 1, cold resistance 1, negative energy resistance 3, inhibited
regeneration, torment resistance 2
a: no special abilities


You were on level 3 of the Dungeon.
You visited 1 branch of the dungeon, and saw 3 of its levels.

You collected 116 gold pieces.
You spent 84 gold pieces at shops.

Inventory:

Hand Weapons
 d - a +0 dagger
 e - a +0 spear
 f - a +0 short sword
 g - a +0 whip
 h - a +0 dagger
 i - a +0 hand axe
 j - a +0 dagger
 n - a +0 dagger
 p - a +0 hand axe
Missiles
 b - 58 stones (quivered)
Armour
 a - a +0 robe (worn)
Jewellery
 o - a ring of resist corrosion (left claw)
Scrolls
 c - a scroll of amnesia
 k - a scroll of teleportation
Potions
 l - a potion of invisibility {unknown}
 m - 2 potions of might
 q - a potion of curing


   Skills:
 - Level 1.8 Fighting
 - Level 1.7 Dodging
 - Level 2.1 Stealth
 - Level 1.7 Spellcasting
 + Level 0.5 Conjurations
 - Level 4.4 Necromancy
 + Level 0.6 Air Magic
 * Level 1.0 Poison Magic


You had one spell level left.
You knew the following spells:

 Your Spells              Type           Power      Damage    Failure   Level
a - Pain                  Necr           36%        1d5       5%          1
b - Mephitic Cloud        Conj/Pois/Air  2%         N/A       56%         3

Your spell library contained the following spells:

 Spells                   Type           Power      Damage    Failure   Level
 Animate Skeleton         Necr           18%        N/A       5%          1
 Magic Dart               Conj           4%         1d3       26%         1
 Vampiric Draining        Necr           4%         2d6       16%         3
 Call Imp                 Summ           0%         N/A       43%         2
 Animate Dead             Necr           4%         N/A       45%         4
 Agony                    Necr           9%         N/A       82%         5


Dungeon Overview and Level Annotations

Branches:
Dungeon (3/15)

Altars:

Shops:
D:3 !


Innate Abilities, Weirdness & Mutations

You thrive by killing the living.
You are immune to poison.
You have sharp fingernails.
Your flesh is cold resistant. (rC+)
You are immune to negative energy. (rN+++)
You do not regenerate when monsters are visible.
You are immune to unholy pain and torment.


Message History

Press: ? - help, Q - select action, (/) - cycle Shift-Dir - straight line, f/p - orc
Aim: an orc, wielding a +0 trident, wearing a +0 chain mail and quivering boomerangs (62% to hit)
You throw a stone. The stone closely misses the orc.
The orc throws a boomerang.
The boomerang barely misses you.
The orc throws a boomerang.
The boomerang closely misses you.
The orc throws a boomerang.
The boomerang hits you but does no damage.
The orc throws a boomerang.
The boomerang hits you.
You take 4 damage, and have 19/29 hp.
You hear the slow rusting of a very distant drain.
You scratch the orc.
The orc is heavily wounded.
The orc hits you with a +0 trident!
You take 7 damage, and have 13/29 hp.
MASSIVE DAMAGE!!
You scratch the orc but do no damage.
The orc is heavily wounded.
The orc misses you.
You closely miss the orc.
The orc is heavily wounded.
The orc barely misses you.
You scratch the orc but do no damage.
The orc is heavily wounded.
The orc hits you with a +0 trident!
* * * LOW HITPOINT WARNING * * *
You take 8 damage, and have 5/29 hp.
MASSIVE DAMAGE!!
You scratch the orc.
The orc is almost dead.
The orc closely misses you.
You scratch the orc but do no damage.
The orc is almost dead.
The orc hits you with a +0 trident.
* * * LOW HITPOINT WARNING * * *
You take 2 damage, and have 3/29 hp.
You scratch the orc but do no damage.
The orc is almost dead.
The orc hits you but does no damage.
You barely miss the orc.
The orc is almost dead.
The orc hits you with a +0 trident.
You die...

..... #.......#
..... .. #..)....#
.... #. #.......#
.... #.##......o#
...
###..##.##...(((..
...
........##....(.(.
.#####.##.##........
......o##.##........
##...#@##........
#.#.o∩##........
#.#...##.####### ..
#.##..# ......#
#.##..# ......#
#.##..##.#
.....####........#
#.......###..####
#.......# #..#


You could see an orc.

Vanquished Creatures
  2 adders (D:2)
  A ball python (D:3)
  3 bats
  5 endoplasms
  A giant cockroach (D:1)
  5 goblins
  2 hobgoblins
  3 kobolds
  4 frilled lizards (D:2)
  6 rats
32 creatures vanquished.

Notes
Turn   | Place    | Note
-------+----------+-------------------------------------------
     0 | D:1      | packetloss the Ghoul Necromancer began the quest for the
                  | Orb.
     0 | D:1      | Reached XP level 1. HP: 14/14 MP: 2/2
   248 | D:1      | Reached skill level 1 in Fighting
   255 | D:1      | Reached XP level 2. HP: 12/23 MP: 3/3
   973 | D:2      | Reached XP level 3. HP: 15/29 MP: 4/4
  1372 | D:2      | Learned a level 3 spell: Mephitic Cloud
  1692 | D:2      | HP: 7/29 [adder (5)]
  2128 | D:3      | Noticed an ogre
  2221 | D:3      | Reached skill level 1 in Poison Magic
  2279 | D:3      | Found Mowahorgh's Distillery.
  2285 | D:3      | Bought a potion of curing for 36 gold pieces
  2285 | D:3      | Bought a potion of might for 48 gold pieces
  2319 | D:3      | HP: 5/29 [orc (8)]
  2323 | D:3      | Slain by an orc

Illustrated notes

Levels and vault maps discovered:
D:1:      dpeg_arrival_pond, layout_rooms
D:2:      layout_loops_ring, minmay_tetromino_s4
D:3:      layout_basic, serial_shops, nicolae_shop_crystal,
          nicolae_diamond_shop, shop, nicolae_shop_behind_doors,
          portal_sewer_entry_e

Skill      XL: |  1  2  3 |
---------------+----------+-----
Fighting       | 1 |  1.8
Poison Magic   | 1 |  1.0
Dodging        | |  1.7
Stealth        | |  2.1
Spellcasting   | |  1.7
Conjurations   | |  0.5
Necromancy     | |  4.4
Air Magic      | |  0.6

Action                   || total
-------------------------++-------
Melee: Unarmed           ||   126
Throw: Stone             ||    15
 Cast: Pain              ||     9
  Use: Scroll            ||     2
 Stab: Sleeping          ||     4
Armor: Robe              ||    26
Dodge: Dodged            ||    58
